 Dungeon Crawl Stone Soup version 0.31.0-11-ge490571c62 (webtiles) character file.

Game seed: 8026235526422901316

46 qw the Shooter (level 3, -18/18 HPs)
             Began as a Spriggan Hunter on Feb 4, 2024.
             Demolished by an ogre
             ... wielding a +0 giant club
              (20 damage)
             ... on level 3 of the Dungeon.
             The game lasted 00:00:05 (2196 turns).

qw the Shooter (Spriggan Hunter)                    Turns: 2196, Time: 00:00:05

Health: -18/18     AC:  2    Str:  7    XL:     3   Next: 46%
Magic:  4/4        EV: 19    Int: 10    God:
Gold:   136        SH:  0    Dex: 20    Spells: 2/2 levels left

rFire   . . .        a - +0 shortbow
rCold   . . .        (shield currently unavailable)
rNeg    . . .        c - +0 robe
rPois   .            (helmet restricted)
rElec   .            (no cloak)
rCorr   .            (gloves unavailable)
SInv    +            (boots unavailable)
Will    .....        (no amulet)
Stlth   ++           (no ring)
HPRegen 0.23/turn    (no ring)
MPRegen 0.09/turn

%: no passive effects
@: very quick
A: very small, no large weapons, unfitting armour, see invisible, speed 3
a: no special abilities


You were on level 3 of the Dungeon.
You visited 1 branch of the dungeon, and saw 3 of its levels.

You collected 136 gold pieces.


Innate Abilities, Weirdness & Mutations

You are very small and have problems with some larger weapons.
You are too small for most types of armour.
You have supernaturally acute eyesight. (SInv)
You cover ground extremely quickly. (Speed+++)


   Skills:
 - Level 1.5 Fighting
 + Level 4.7 Ranged Weapons
 - Level 4.0 Dodging
 - Level 1.5 Stealth


You had 2 spell levels left.
You didn't know any spells.
Your spell library was empty.

Inventory:

Hand Weapons
 a - a +0 shortbow (weapon)
Armour
 c - a +0 robe (worn)
Jewellery
 d - the ring of Suvada Zerr {rPois rN+ MP+9 EV+5 Stlth-}
   (You found it on level 3 of the Dungeon)

   [ring of evasion]

   EV+5:      It affects your evasion (+5).
   rPois:     It protects you from poison rN+: It protects you from negative
   energy.
   MP+9:      It affects your magic capacity (+9).
   Stlth-:    It makes you less stealthy.
 h - a ring of ice
 i - an amulet of magic regeneration
 j - a ring of protection from fire
Scrolls
 g - a scroll of identify
Potions
 b - a potion of cancellation
 e - a potion of mutation {unknown}
 f - 2 potions of curing

Dungeon Overview and Level Annotations

Branches:
Dungeon (3/15)

Altars:

Shops:
D:1 !   D:3 :


Message History

Enter note:
Found a robe.
Enter note:
Enter note: You see here a +0 robe.
You now have 136 gold pieces (gained 11).
An ogre comes into view. It is wielding a +0 giant club.
Enter note:
Enter note:
Enter note:
Enter note:
Enter note:
Enter note:
Enter note:
Enter note: You shoot an arrow.
The arrow hits the ogre.
The ogre shouts!
The ogre is lightly wounded.
You shoot an arrow. The arrow barely misses the ogre.
You shoot an arrow.
The arrow hits the ogre but does no damage.
The ogre is lightly wounded.
The ogre hits you with a +0 giant club!
Ouch! That really hurt!
You shoot an arrow. The arrow hits the ogre!
The ogre is moderately wounded.
You shoot an arrow. The arrow hits the ogre.
The ogre is heavily wounded.
The ogre barely misses you.
You shoot an arrow. The arrow hits the ogre.
The ogre is severely wounded.
The ogre barely misses you.
You shoot an arrow. The arrow hits the ogre.
The ogre is severely wounded.
The ogre barely misses you.
You shoot an arrow. The arrow hits the ogre.
The ogre is almost dead.
The ogre hits you with a +0 giant club!!
Ouch! That really hurt!
You die...

#######
#.....##
###......
........#
......O@#
##
......#.#
.# #####
#.# .#
#.# .#
###.###
##
#.....#
#.....##
#......#
######
#......#


You could see an ogre.

Vanquished Creatures
  3 dart slugs (D:1)
  3 ball pythons
  2 bats
  4 endoplasms
  2 giant cockroaches
  4 goblins
  3 hobgoblins
  A kobold (D:3)
  6 quokkas
  3 frilled lizards
  4 rats
35 creatures vanquished.

Notes
Turn   | Place    | Note
-------+----------+-------------------------------------------
     0 | D:1      | qw the Spriggan Hunter began the quest for the Orb.
     0 | D:1      | Reached XP level 1. HP: 10/10 MP: 2/2
     0 | D:1      | 0 ||| qw: Version: 0.3-a-160-g6735b56
     0 | D:1      | 0 ||| qw: Game counter: 4604
     0 | D:1      | 0 ||| qw: Melee chars always use a shield: true
     0 | D:1      | 0 ||| qw: God list: Okawaru
     0 | D:1      | 0 ||| qw: Allow faded altars: false
     0 | D:1      | 0 ||| qw: Do Orc after clearing Dungeon:15 true
     0 | D:1      | 0 ||| qw: Do second Lair branch before Depths: true
     0 | D:1      | 0 ||| qw: Lair rune preference: random
     0 | D:1      | 0 ||| qw: Goals: Normal
     0 | D:1      | 0 ||| PLANNING D:1-11
    52 | D:1      | Reached skill level 3 in Dodging
   104 | D:1      | Reached XP level 2. HP: 14/14 MP: 3/3
   165 | D:1      | Found Huuf's Distillery.
   175 | D:1      | 175 ||| SHOPLISTING 2 potions of haste (240 gold, have 31).
   175 | D:1      | 175 ||| SHOPLISTING potion of curing (36 gold, have 31).
   175 | D:1      | 175 ||| SHOPLISTING potion of enlightenment (60 gold, have
                  | 31).
   175 | D:1      | 175 ||| SHOPLISTING potion of haste (120 gold, have 31).
   175 | D:1      | 175 ||| SHOPLISTING potion of heal wounds (60 gold, have
                  | 31).
   930 | D:1      | 930 ||| READING scroll labelled ARAOFREU LEZU.
   930 | D:1      | 930 ||| IDENTIFYING lumpy cyan potion
   931 | D:1      | 931 ||| READING scroll labelled FAINIRR MIUW.
   931 | D:1      | 931 ||| ENCHANTING +0 shortbow.
   932 | D:1      | 932 ||| DROPPING scroll of butterflies.
  1038 | D:2      | Reached XP level 3. HP: 18/18 MP: 4/4
  1707 | D:2      | 1707 ||| READING scroll of identify.
  1707 | D:2      | 1707 ||| IDENTIFYING glowing sapphire potion
  1793 | D:3      | Found Hiug's Vocational Training.
  1808 | D:3      | Identified the ring of Suvada Zerr {rPois rN+ MP+9 EV+5
                  | Stlth-}
  2187 | D:3      | Noticed an ogre
  2191 | D:3      | HP: 1/18 [ogre/+0 giant club (17)]
  2196 | D:3      | Demolished by an ogre

Levels and vault maps discovered:
D:1:      dpeg_arrival_oval, layout_loops_corners, serial_shops,
          nicolae_shop_industrial_runoff
D:2:      layout_loops_ring, minmay_gold_behind_fungi, serial_bayou_ford_a
D:3:      layout_basic, nicolae_shop_vocational

Skill      XL: |  1  2 |
---------------+-------+-----
Dodging        | 3 4 |  4.0
Fighting       | |  1.5
Ranged Weapons | |  4.7
Stealth        | |  1.5

Action                     || total
---------------------------++-------
   Fire: Shortbow          ||    83
    Use: Scroll            ||     3
 Armour: Robe              ||     5
  Dodge: Dodged            ||     6

Table legend:
 A = Non-vault XP
 B = Vault XP
 C = Vault XP percentage of total XP
 D = Non-vault monster count
 E = Vault monster count
 F = Vault count percentage of total count
                 A         B        C        D         E       F
            +---------+---------+-------+---------+---------+-------
      Total |      67 |       0 |   0.0 |      35 |       0 |   0.0
            +---------+---------+-------+---------+---------+-------
        D:1 |      40 |       0 |   0.0 |      19 |       0 |   0.0
        D:2 |      13 |       0 |   0.0 |       8 |       0 |   0.0
        D:3 |      14 |       0 |   0.0 |       8 |       0 |   0.0
            +---------+---------+-------+---------+---------+-------
